 Dungeon Crawl Stone Soup version 0.30.0-19-g36f170ea60 (webtiles) character file.

Game seed: 8038066901043727025

11 Revguard the Slasher (level 2, 18/22 HPs)
             Began as a Demonspawn Gladiator on June 1, 2023.
             Got out of the dungeon alive.
             The game lasted 00:00:43 (159 turns).

Revguard the Slasher (Demonspawn Gladiator)          Turns: 159, Time: 00:00:43

Health: 18/22      AC:  3    Str: 14    XL:     2   Next: 17%
Magic:  2/2        EV: 12    Int:  9    God:
Gold:   22         SH:  0    Dex: 14    Spells: 1/1 levels left

rFire   . . .        a - +0 long sword
rCold   . . .        (no shield)
rNeg    . . .        b - +0 leather armour
rPois   .            (helmet restricted)
rElec   .            (no cloak)
rCorr   .            (no gloves)
SInv    .            (no boots)
Will    .....        (no amulet)
Stlth   +            (no ring)
HPRegen 0.23/turn    (no ring)
MPRegen 0.08/turn

%: no passive effects
@: no status effects
A: antennae 1
a: no special abilities


You escaped.
You visited 1 branch of the dungeon, and saw 1 of its levels.

You collected 22 gold pieces.

Inventory:

Hand Weapons
 a - a +0 long sword (weapon)
Missiles
 d - 3 throwing nets (quivered)
 e - a javelin
Armour
 b - a +0 leather armour (worn)
 c - a +0 helmet
Potions
 f - a potion of flight {unknown}


   Skills:
 + Level 2.1 Fighting
 + Level 2.8 Long Blades
 - Level 1.7 Throwing
 + Level 0.4 Armour
 + Level 2.8 Dodging
 + Level 0.7 Invocations
 + Level 0.5 Evocations


You had one spell level left.
You didn't know any spells.
Your spell library was empty.

Dungeon Overview and Level Annotations

Branches:
Dungeon (1/15)

Altars:


Innate Abilities, Weirdness & Mutations

You have a pair of small antennae on your head.


Message History

You kill the dart slug!
Things that are here:
a +0 dagger; a dart slug corpse
Found 13 gold pieces.
HP restored.
You now have 22 gold pieces (gained 13).
A frilled lizard and a hobgoblin come into view.
The hobgoblin shouts!
You hear a shout!
The hobgoblin moves out of view.
The frilled lizard hisses angrily.
You hear a shout! x2
You closely miss the frilled lizard. The frilled lizard closely misses you.
The frilled lizard misses you.
You barely miss the frilled lizard. The frilled lizard bites you.
You barely miss the frilled lizard.
The frilled lizard bites you but does no damage.
You barely miss the frilled lizard.
The frilled lizard bites you but does no damage.
You hit the frilled lizard.
You kill the frilled lizard!
The hobgoblin barely misses you.
You hit the hobgoblin but do no damage. The hobgoblin completely misses you.
The hobgoblin attacks as you move away! The hobgoblin hits you.
The hobgoblin attacks as you move away! The hobgoblin hits you.
The hobgoblin attacks as you move away! The hobgoblin closely misses you.
The hobgoblin barely misses you. The hobgoblin attacks as you move away!
The hobgoblin barely misses you. The hobgoblin attacks as you move away!
The hobgoblin misses you.
Things that are here:
a jackal corpse; a jackal corpse The hobgoblin attacks as you move away!
The hobgoblin closely misses you.
You open the door. The hobgoblin completely misses you.
The hobgoblin attacks as you move away! The hobgoblin hits you.
There is an open door here.
The hobgoblin attacks as you move away! The hobgoblin barely misses you.
The dart slug briefly extends its eye-stalks.
The dart slug briefly extends its eye-stalks.
There is a staircase leading out of the dungeon here.
Are you sure you want to leave the Dungeon?
This will make you lose the game! The hobgoblin hits you.
You have escaped!

.#### #.......#.# #.#.#..#.#
......#....########### #.#.#..#.#
......#.#†##~~~~~○~~~###.#....#.#
...B......#~~~~~~~~~~~##.#..#.#.#
..w..#.###~~~#~~○~#~~##.#.###..#
... #...#~~~~~~~~~~~##..## ##.# #
#.#.#~~~~~~~~~~§##.## ##.
#...##############..## ##.#
#.#..'.w.g@....'...#.###.##
#††##################.#.##
####..#○~~~~~☼~~~~######.##
#.....#~~☼~~~~~~~~#......# .
#.##..#~~~#~☼~~#~☼######## ..
#.##..#~~~~~☼~~~~~#
...##.##..##~~~~~~~~~##
...†......############
.#.##.###.#


You could see a dart slug and a hobgoblin.

Vanquished Creatures
  A dart slug (D:1)
  A giant cockroach (D:1)
  A hobgoblin (D:1)
  3 jackals (D:1)
  A kobold (D:1)
  A frilled lizard (D:1)
8 creatures vanquished.

Notes
Turn   | Place    | Note
-------+----------+-------------------------------------------
     0 | D:1      | Revguard the Demonspawn Gladiator began the quest for the
                  | Orb.
     0 | D:1      | Reached XP level 1. HP: 16/16 MP: 1/1
   110 | D:1      | Gained mutation: You have a pair of small antennae on your
                  | head. [demonic ancestry]
   110 | D:1      | Reached XP level 2. HP: 22/22 MP: 2/2
   159 | D:$      | Got out of the dungeon alive.

Illustrated notes

Levels and vault maps discovered:
D:1:      saegor_arrival_miasma, layout_loops_cross,
          hangedman_abyss_or_decor_stabs, corexii_hall_statues_t

Action                     || total
---------------------------++-------
  Melee: Long sword        ||    21
 Armour: Leather armour    ||    16
  Dodge: Dodged            ||    25
